 Dungeon Sprint DCSS version 0.28-a0-909-g796cbd3a86 (webtiles) character file.

Game seed: 16882047093504063365

264 kae the Ruffian (level 5, -7/50 HPs)
             Began as a Draconian Transmuter on Nov 24, 2021.
             Mangled by a neqoxec (11 damage)
             ... in the Dungeon (Sprint II: "The Violet Keep of Menkaure").
             The game lasted 00:00:32 (279 turns).

kae the Ruffian (Draconian Transmuter)               Turns: 279, Time: 00:00:33

Health: -7/50      AC:  5    Str: 10    XL:     5   Next: 98%
Magic:  8/12       EV: 13    Int: 15    God:
Gold:   243        SH:  0    Dex: 11    Spells: 13/14 levels left

rFire   . . .      SeeInvis .     - Unarmed
rCold   . . .      Faith    .   (no shield)
rNeg    . . .      Spirit   .   (armour unavailable)
rPois   .          Reflect  .   (helmet currently unavailable)
rElec   .          Harm     .   (no cloak)
rCorr   .          Rampage  .   (no gloves)
Will    .....      Rage     1%  (boots currently unavailable)
Stlth   +......... NoTele   +   (no amulet)
HPRegen 0.16/turn               (no ring)
MPRegen 0.13/turn               (no ring)

@: appendages, on berserk cooldown, slowed, very slow
A: horns 2, talons 2, AC +5, unfitting armour, cold-blooded, stinger 1, berserk
1, deterioration 1, screaming 1, weak 1, subdued magic 1, devolution 1
a: End Transformation


You were in the Dungeon.
You had temporarily grown beastly horns and talons.
You visited 1 branch You collected 243 gold pieces.

Inventory:

Potions
 a - a potion of curing
 c - a potion of haste
 d - 2 potions of magic


   Skills:
 + Level 6.0 Fighting
 + Level 5.3 Dodging
 + Level 6.3 Unarmed Combat
 + Level 5.4 Spellcasting
 + Level 5.8 Transmutations


You had 13 spell levels left.
You knew the following spells:

 Your Spells              Type           Power      Damage    Failure   Level
a - Beastly Appendage     Tmut           32%        N/A       1%          1

Your spell library contained the following spells:

 Spells                   Type           Power      Damage    Failure   Level
 Wereblood                Tmut           16%        N/A       1%          2
 Spider Form              Tmut/Pois      9%         N/A       12%         3
 Ice Form                 Ice/Tmut       9%         N/A       38%         4


Dungeon Overview and Level Annotations

Branches:
Dungeon (1/1)

Altars:


Innate Abilities, Weirdness & Mutations

You have temporarily grown beastly horns and talons.
Your plain brown scales are hard. (AC +5)
You cannot fit into any form of body armour.
You are cold-blooded and may be slowed by cold attacks.
Your tail ends in a venomous barb.
You tend to lose your temper in combat.
Your body sometimes deteriorates upon taking damage.
You occasionally shout uncontrollably at your foes.
You are weak. (Str -2)
Your spells are a little easier to cast, but a little less powerful.
You have hidden genetic defects.


Message History

The neqoxec is heavily wounded.
The neqoxec barely misses you.
You hit the neqoxec. Your headbutt misses the neqoxec.
The neqoxec is severely wounded.
The neqoxec hits you! The neqoxec gestures at you.
Strange energies course through your body.
You feel yourself wasting away.
You closely miss the neqoxec. Your kick misses the neqoxec.
The neqoxec is severely wounded.
The neqoxec hits you.
You closely miss the neqoxec.
Your tail-slap misses the neqoxec.
The neqoxec is severely wounded.
The neqoxec misses you.
You miss the neqoxec.
Your tail-slap misses the neqoxec.
The neqoxec is severely wounded.
The neqoxec closely misses you. The neqoxec hits you.
* * * LOW HITPOINT WARNING * * *
You hit the neqoxec but do no damage. Your kick misses the neqoxec.
The neqoxec is severely wounded.
The neqoxec hits you.
* * * LOW HITPOINT WARNING * * *
The neqoxec gestures at you.
Something tries to feed on your intellect!
You closely miss the neqoxec.
The neqoxec is severely wounded.
The neqoxec hits you!
* * * LOW HITPOINT WARNING * * *
You punch the neqoxec!
The neqoxec is almost dead.
The neqoxec gestures at you.
Strange energies course through your body.
You feel the urge to shout. The neqoxec gestures at you.
Strange energies course through your body.
You feel a hidden malignance growing inside you.
You hit the neqoxec but do no damage. You headbutt the neqoxec.
The neqoxec is almost dead.
The neqoxec hits you!
You die...

##+#
##..###
#..##.#
##@#.##
# ##3##
.#
##3##.#
+.<.'3#
##.##..#
#+# .# #


You could see 2 neqoxecs.

Vanquished Creatures
  2 neqoxecs (D)
  3 worms (D)
5 creatures vanquished.

Vanquished Creatures (others)
  A water moccasin (D)
1 creature vanquished.

Grand Total: 6 creatures vanquished

Notes
Turn   | Place    | Note
-------+----------+-------------------------------------------
     0 | D        | kae the Draconian Transmuter began the quest for the Orb.
     0 | D        | Reached XP level 1. HP: 16/16 MP: 3/3
    19 | D        | Reached XP level 2. HP: 15/24 MP: 3/5
   116 | D        | Killed a water moccasin
   240 | D        | Noticed a neqoxec
   240 | D        | Noticed a neqoxec
   240 | D        | Noticed a neqoxec
   240 | D        | Noticed a neqoxec
   241 | D        | Gained mutation: Your tail ends in a venomous barb. [a
                  | neqoxec]
   250 | D        | Killed a neqoxec
   251 | D        | Reached skill level 5 in Unarmed Combat
   251 | D        | Reached XP level 3. HP: 17/35 MP: 4/8
   251 | D        | Reached XP level 4. HP: 20/41 MP: 5/10
   251 | D        | Reached XP level 5. HP: 23/47 MP: 5/11
   260 | D        | Killed a neqoxec
   261 | D        | Reached skill level 5 in Dodging
   261 | D        | Reached skill level 5 in Spellcasting
   261 | D        | Reached skill level 5 in Transmutations
   265 | D        | Gained mutation: You are weak. (Str -2) [a neqoxec]
   267 | D        | Gained mutation: Your spells are a little easier to cast,
                  | but a little less powerful. [a neqoxec]
   270 | D        | Gained mutation: You tend to lose your temper in combat. [a
                  | neqoxec]
   272 | D        | Gained mutation: Your body sometimes deteriorates upon
                  | taking damage. [a neqoxec]
   278 | D        | Gained mutation: You occasionally shout uncontrollably at
                  | your foes. [a neqoxec]
   278 | D        | Gained mutation: You have hidden genetic defects. [a
                  | neqoxec]
   279 | D        | Mangled by a neqoxec

Illustrated notes

Levels and vault maps discovered:
D:        the_violet_keep_of_menkaure [sprint2_stairs_cluster_1,
          sprint2_shoproom, sprint2_temple, sprint2_basic_supplies,
          sprint2_obstacle_3, sprint2_obstacle_7, sprint2_obstacle_4,
          sprint2_obstacle_2, sprint2_obstacle_5, sprint2_timed_cluster_1,
          sprint2_smallroom_cluster_1, sprint2_smallroom_final_cluster_1,
          sprint2_transparent_cluster_1, sprint2_second_timed_cluster_1,
          sprint2_sniper_area_1, sprint2_heavy_combat_area_1,
          sprint2_mutation_trap_area_1, sprint2_forest_area_1,
          sprint2_light_combat_area_1, sprint2_behind_water_1,
          sprint2_near_end_vault_1]

Skill      XL: |  1  2  3  4  5 |
---------------+----------------+-----
Dodging        | 2 4 5 |  5.3
Fighting       | 2 4 6 |  6.0
Unarmed Combat | 5 6 |  6.3
Spellcasting   | 4 5 |  5.4
Transmutations | 4 5 |  5.8

Action                   |  1- 3 |  4- 6 || total
-------------------------+-------+-------++-------
Melee: Unarmed           |    22 |    24 ||    46
       Kick              |     5 |     1 ||     6
       Tailslap          |     4 |     2 ||     6
       Headbutt          |     4 |     1 ||     5
       Punch             |       |     1 ||     1
 Cast: Beastly Appendage |     1 |     1 ||     2
  Use: Potion            |     1 |     1 ||     2
       Scroll            |       |     1 ||     1
Armor: Skin              |     1 |     2 ||     3
Dodge: Dodged            |     5 |     7 ||    12

Table legend: (Time is in decaauts)
 A = Elapsed time spent in this place.
 B = Non-inter-level travel time spent in this place.
 C = Inter-level travel time spent in this place.
 D = Time resting spent in this place.
 E = Time spent auto-exploring this place.
 F = Levels seen in this place.
 G = Mean time per level.
                   A        B        C        D        E       F      G
               +--------+--------+--------+--------+--------+-----+--------+
         Total |    277 |    277 |      0 |    206 |      0 |   1 |  277.0 |
       Dungeon |    277 |    277 |      0 |    206 |      0 |   1 |  277.0 |
               +--------+--------+--------+--------+--------+-----+--------+

Top non-repeatable levels by time:
       D: 277 daAuts
